 Dungeon Crawl Stone Soup version 0.28-a0-845-gfc338a8e3c (webtiles) character file.

Game seed: 6623107994943985020

595 jbasstz the Ruffian (level 7, -2/67 HPs)
             Began as a Troll Berserker on Nov 12, 2021.
             Was a Priest of Trog.
             Slain by a gnoll sergeant (10 damage)
             ... on level 5 of the Dungeon.
             The game lasted 00:29:49 (3729 turns).

jbasstz the Ruffian (Troll Berserker)               Turns: 3729, Time: 00:29:49

Health: -2/67      AC:  5    Str: 27    XL:     7   Next: 17%
Magic:  0/6        EV: 14    Int:  4    God:    Trog [***...]
Gold:   219        SH:  0    Dex:  9    Spells: 6/6 levels left

rFire   + . .      SeeInvis +   i - +1 short sword (speed)
rCold   + . .      Faith    .   (no shield)
rNeg    . . .      Spirit   +   a - +0 animal skin
rPois   +          Reflect  .   (helmet restricted)
rElec   +          Harm     .   g - +0 cloak
rCorr   +          Rampage  .   (gloves unavailable)
Will    .....                   (boots unavailable)
Stlth   +.........              w - amulet of guardian spirit
HPRegen 1.21/turn               j - +4 ring of evasion
MPRegen 0.10/turn               y - ring of see invisible

@: resistant
A: large, unfitting armour, claws 3, regeneration 1, shaggy fur 1, tough skin 1
a: Renounce Religion, Berserk, Trog's Hand


You were on level 5 of the Dungeon.
You worshipped Trog.
Trog was most pleased with you.
You visited 1 branch of the dungeon, and saw 5 of its levels.

You collected 219 gold pieces.

Inventory:

Hand Weapons
 i - a +1 short sword of speed (weapon)
 n - a +0 dagger of speed
Missiles
 b - 134 stones
 A - 3 large rocks
Armour
 a - a +0 animal skin (worn)
 g - a +0 cloak (worn)
 h - a +0 robe
 q - a +0 pair of gloves
 u - a +0 pair of boots
Jewellery
 j - a +4 ring of evasion (left claw)
 o - a ring of wizardry
 p - an amulet of magic regeneration
 w - an amulet of guardian spirit (around neck)
 y - a ring of see invisible (right claw)
 C - an amulet of guardian spirit
Wands
 z - a wand of polymorph (9) (quivered)
Scrolls
 c - 3 scrolls of amnesia {unknown}
 d - a scroll of immolation {unknown}
 e - 4 scrolls of identify {unknown}
 l - 2 scrolls of summoning {unknown}
 s - a scroll of noise {unknown}
 t - 3 scrolls of enchant armour {unknown}
 D - a scroll of teleportation {unknown}
Potions
 f - 2 potions of flight {unknown}
 k - a potion of degeneration {unknown}
 m - a potion of lignification {unknown}
 r - a potion of resistance
 v - a potion of curing {unknown}
 x - a potion of mutation {unknown}
 B - a potion of might {unknown}


   Skills:
 + Level 3.4 Fighting
 + Level 3.7 Short Blades
 + Level 4.0 Dodging
 + Level 0.7 Stealth
 + Level 4.1 Unarmed Combat
 + Level 0.3 Evocations


You had 6 spell levels left.
You didn't know any spells.
Your spell library contained the following spells:

 Spells                   Type           Power      Damage    Failure   Level
 Freeze                   Ice            0%         1d3       50%         1
 Magic Dart               Conj           0%         1d3       50%         1
 Call Imp                 Summ           0%         N/A       65%         2
 Corpse Rot               Necr/Air       0%         N/A       65%         2
 Frozen Ramparts          Ice            0%         1d2       86%         3
 Gell's Gravitas          Tloc           0%         N/A       86%         3
 Lesser Beckoning         Tloc           0%         N/A       86%         3
 Mephitic Cloud           Conj/Pois/Air  0%         N/A       86%         3
 Ozocubu's Armour         Ice            0%         N/A       86%         3
 Teleport Other           Tloc           0%         N/A       86%         3
 Dispel Undead            Necr           0%         3d6       99%         4
 Hailstorm                Conj/Ice       0%         3d3       99%         4
 Death Channel            Necr           0%         N/A       100%        6
 Ozocubu's Refrigeration  Ice            0%         4d5       100%        7


Dungeon Overview and Level Annotations

Branches:
Dungeon (5/15)
 Temple: D:4-7

Altars:


Innate Abilities, Weirdness & Mutations

You are too large for most types of armour.
You have claws for hands.
Your natural rate of healing is unusually fast.
You are covered in fur. (AC +1)
You have tough skin. (AC +1)


Message History

The orc wizard is heavily wounded.
The gnoll sergeant barely misses you. The orc hits you with a +0 hand axe.
The orc wizard gestures at you while chanting.
The magic dart hits you!
You closely miss the orc wizard.
The orc wizard is heavily wounded.
The gnoll hits you but does no damage. The orc hits you but does no damage.
You closely miss the orc wizard.
The orc wizard is heavily wounded.
The gnoll sergeant closely misses you. The orc closely misses you.
The orc wizard hits you with a +0 dagger.
The gnoll barely misses you.
You closely miss the orc wizard.
The orc wizard is heavily wounded.
The orc hits you with a +0 flail.
* * * LOW HITPOINT WARNING * * *
The gnoll sergeant misses you. The orc closely misses you.
You hit the orc wizard.
The orc wizard is severely wounded.
The orc wizard gestures at you while chanting.
The magic dart hits you!
* * * LOW HITPOINT WARNING * * *
The gnoll hits you with a +0 whip.
* * * LOW HITPOINT WARNING * * *
The orc hits you but does no damage.
You hit the orc wizard but do no damage.
The orc wizard is severely wounded.
The gnoll sergeant hits you from afar with a +0 trident.
* * * LOW HITPOINT WARNING * * *
The orc barely misses you. The orc wizard closely misses you.
The gnoll hits you but does no damage.
It was a potion of resistance.
You feel protected. The orc barely misses you.
The gnoll sergeant barely misses you. The orc completely misses you.
The orc wizard misses you. The gnoll misses you.
You barely miss the orc wizard.
The orc wizard is severely wounded.
The orc misses you.
The gnoll sergeant hits you from afar with a +0 trident!
You die...

#.# ########.#.#
#.....##.#.# #.
#.....##.#.# #. #######
#.....##.#.# #.
......o##g....##.#.####.
......o@g.....+.........
......o##.....##.#.####.
....... +...........)...
....... #.....##...))†..
....... ##########.#####
....... #.# # #######
#.# #.# #.#


You could see a gnoll sergeant, an orc wizard (invisible), a gnoll and 2 orcs.

Vanquished Creatures
  An ice beast (D:4)
  2 scorpions
  An orc priest (D:5)
  A hound (D:5)
  A jelly (D:5)
  A centaur skeleton (D:4)
  Ijyb (D:3)
  An iguana (D:5)
  An orc wizard (D:5)
  5 gnolls
  4 adders
  2 shadow imps (D:5)
  2 worms
  4 dart slugs
  5 orcs (D:5)
  6 ball pythons
  4 bats
  8 endoplasms
  3 giant cockroaches
  5 goblins
  6 hobgoblins
  10 jackals
  5 kobolds
  2 quokkas
  5 frilled lizards
  4 rats
90 creatures vanquished.

Notes
Turn   | Place    | Note
-------+----------+-------------------------------------------
     0 | D:1      | jbasstz the Troll Berserker began the quest for the Orb.
     0 | D:1      | Reached XP level 1. HP: 22/22 MP: 0/0
   176 | D:1      | Reached XP level 2. HP: 29/29 MP: 1/1
   279 | D:1      | Reached ** piety under Trog
   598 | D:2      | Reached XP level 3. HP: 33/36 MP: 2/2
   934 | D:2      | Found a faded altar of an unknown god.
  1065 | D:2      | Reached XP level 4. HP: 44/44 MP: 3/3
  1842 | D:3      | Noticed Ijyb
  1903 | D:3      | Killed Ijyb
  1904 | D:3      | Reached skill level 1 in Short Blades
  2106 | D:3      | Reached XP level 5. HP: 52/52 MP: 4/4
  2131 | D:3      | Reached *** piety under Trog
  2691 | D:4      | Noticed an ice beast
  2719 | D:4      | Killed an ice beast
  2720 | D:4      | Reached XP level 6. HP: 42/61 MP: 3/5
  3416 | D:5      | Entered Level 5 of the Dungeon
  3655 | D:5      | Reached XP level 7. HP: 65/67 MP: 3/6
  3729 | D:5      | Slain by a gnoll sergeant

Illustrated notes

Levels and vault maps discovered:
D:1:      dpeg_arrival_lava_temple_mockup, layout_rooms,
          minmay_misc_feat_diagonals
D:2:      layout_basic, ebering_ecumenical_altar_box, hangedman_decor_slide_cut,
          bh_walls_and_bars
D:3:      layout_basic, minivault_14, uniq_ijyb
D:4:      layout_basic
D:5:      layout_basic, minmay_temple_entry_slanted, lightli_corner_chamber

Skill      XL: |  1  2  3  4  5  6  7 |
---------------+----------------------+-----
Unarmed Combat | 4 |  4.1
Dodging        | 3 4 |  4.0
Short Blades   | 1 2 3 |  3.7
Fighting       | 3 |  3.4
Stealth        | |  0.7
Evocations     | |  0.3

Action                   |  1- 3 |  4- 6 |  7- 9 || total
-------------------------+-------+-------+-------++-------
Melee: Unarmed           |    62 |       |       ||    62
       Short sword       |    66 |   180 |    43 ||   289
       Dagger            |       |    78 |       ||    78
       Punch             |       |     6 |       ||     6
Throw: Stone             |     2 |       |       ||     2
Evoke: Wand              |       |     4 |       ||     4
  Use: Potion            |       |       |     1 ||     1
Armor: Animal skin       |    61 |    47 |    10 ||   118
Dodge: Dodged            |    80 |   141 |    44 ||   265

Table legend: (Time is in decaauts)
 A = Elapsed time spent in this place.
 B = Non-inter-level travel time spent in this place.
 C = Inter-level travel time spent in this place.
 D = Time resting spent in this place.
 E = Time spent auto-exploring this place.
 F = Levels seen in this place.
 G = Mean time per level.
                   A        B        C        D        E       F      G
               +--------+--------+--------+--------+--------+-----+--------+
         Total |   3598 |   3597 |      1 |    233 |   1774 |   5 |  719.6 |
       Dungeon |   3598 |   3597 |      1 |    233 |   1774 |   5 |  719.6 |
               +--------+--------+--------+--------+--------+-----+--------+

Top non-repeatable levels by time:
     D:2: 1079 daAuts
     D:4: 872 daAuts
     D:3: 801 daAuts
     D:1: 568 daAuts
     D:5: 277 daAuts
